Map: Honorgrounds LE

Players

Loken - Winner!

  • Race: Protoss Protoss
  • League: Platinum
  • Spawn Location: 1:00

dallaskuken

  • Race: Protoss Protoss
  • League: Platinum
  • Spawn Location: 5:00

VOD

Have the link to the VOD?

Description

Time

  • Played on: April 4, 2017, 2:21 p.m.
  • Length: 14:33
Show
View Real Time Build Order
Export as new Build Order

Loken Protoss - Winner!

Build Orders: 1 Gate Expand 

Get SALT Encoding   

  12  0:01  Probe (Chrono Boost)  
  13  0:13  Probe (Chrono Boost)  
  14  0:24  Pylon  
  14  0:26  Probe (Chrono Boost)  
  15  0:42  Probe (Chrono Boost)  
  16  0:44  Gateway  
  16  0:52  Probe (Chrono Boost)  
  17  1:03  Probe (Chrono Boost)  
  18  1:14  Probe (Chrono Boost)  
  19  1:21  Nexus  
  19  1:25  Probe (Chrono Boost)  
  20  1:35  Cybernetics Core  
  20  1:42  Pylon  
  20  1:50  Probe (Chrono Boost)  
  20  1:52  Assimilator  
  21  1:56  Pylon  
  21  2:19  Assimilator  
  21  2:20  Probe (Chrono Boost)  
  22  2:26  Zealot  
  24  2:30  Probe (Chrono Boost)  
  24  2:34  Probe (Chrono Boost)  
  26  2:41  Probe (Chrono Boost)  
  27  2:44  Warp Gate  
  27  2:45  Probe (Chrono Boost)  
  29  2:51  Probe (Chrono Boost)  
  29  2:55  Probe (Chrono Boost)  
  30  3:03  Probe (Chrono Boost)  
  30  3:05  Stalker  
  33  3:06  Probe (Chrono Boost)  
  34  3:13  Probe (Chrono Boost)  
  34  3:19  Gateway  
  35  3:21  Gateway  
  35  3:24  Probe (Chrono Boost)  
  34  3:27  Pylon  
  34  3:28  Pylon  
  29  3:45  Probe (Chrono Boost)  
  30  3:52  Stalker  
  30  3:55  Probe (Chrono Boost)  
  33  4:06  Mothership Core (Chrono Boost)  
  33  4:07  Stalker  
  33  4:08  Stalker  
  35  4:14  Probe (Chrono Boost)  
  34  4:23  Stalker  
  36  4:24  Probe (Chrono Boost)  
  36  4:25  Probe (Chrono Boost)  
  36  4:35  Probe (Chrono Boost)  
  36  4:37  Sentry  
  34  4:39  Sentry  
  31  4:58  Stalker  
  33  5:03  Stalker  
  32  5:21  Probe (Chrono Boost)  
  32  5:23  Probe (Chrono Boost)  
  33  5:32  Probe (Chrono Boost)  
  33  5:34  Probe (Chrono Boost)  
  35  5:42  Probe (Chrono Boost)  
  36  5:44  Stalker x2  
  36  5:46  Stalker  
  42  5:53  Probe (Chrono Boost)  
  44  5:57  Probe (Chrono Boost)  
  44  6:03  Probe (Chrono Boost)  
  45  6:07  Probe (Chrono Boost)  
  46  6:13  Stalker x2  
  46  6:14  Probe (Chrono Boost)  
  46  6:15  Zealot  
  53  6:24  Probe (Chrono Boost)  
  48  6:44  Stalker x2  
  48  6:45  Stalker  
  54  6:48  Probe (Chrono Boost)  
  54  6:49  Probe (Chrono Boost)  
  56  6:58  Probe (Chrono Boost)  
  56  6:59  Gateway, Probe (Chrono Boost)  
  56  7:02  Gateway  
  56  7:09  Stalker, Probe (Chrono Boost)  
  56  7:10  Stalker  
  56  7:11  Stalker  
  63  7:17  Probe (Chrono Boost)  
  63  7:19  Probe (Chrono Boost)  
  63  7:21  Pylon  
  65  7:38  Assimilator  
  65  7:41  Stalker x2  
  65  7:43  Assimilator  
  69  7:45  Pylon  
  69  7:48  Pylon  
  69  7:57  Robotics Facility  
  69  8:18  Cybernetics Core  
  69  8:20  Zealot x3  
  69  8:21  Zealot x2  
  79  8:33  Probe (Chrono Boost)  
  78  8:43  Probe (Chrono Boost)  
  78  8:44  Zealot  
  78  8:45  Zealot x2  
  85  8:54  Pylon  
  85  8:56  Pylon  
  85  8:58  Pylon, Immortal  
  81  9:03  Zealot  
  77  9:13  Stalker  
  77  9:14  Stalker x2  
  81  9:25  Robotics Bay  
  81  9:30  Gateway  
  81  9:31  Gateway  
  81  9:46  Stalker x4  
  81  9:51  Immortal  
  93  9:54  Robotics Facility  
  93  10:02  Probe (Chrono Boost)  
  94  10:12  Zealot x4  
  94  10:41  Stalker x3  
  94  10:42  Stalker x3  
  106  11:01  Nexus  
  106  11:04  Pylon  
  106  11:09  Observer  
  107  11:18  Pylon  
  107  11:22  Pylon  
  107  11:24  Stalker x4  
  115  11:47  Stalker x5  
  125  12:17  Nexus  
  125  12:42  Stalker x3  
  125  12:43  Stalker x3  
  137  13:01  Pylon  
  137  13:06  Immortal x2  
  145  13:13  Stalker  
  145  13:14  Stalker  
  95  14:08  Stalker x5  
  95  14:09  Stalker  
Show
View Real Time Build Order
Export as new Build Order

dallaskuken Protoss 

Build Orders:  

Get SALT Encoding   

  12  0:01  Probe (Chrono Boost)  
  13  0:12  Probe (Chrono Boost)  
  14  0:18  Pylon  
  14  0:27  Probe (Chrono Boost)  
  15  0:37  Probe (Chrono Boost)  
  16  0:46  Gateway  
  16  0:48  Probe (Chrono Boost)  
  17  0:55  Gateway  
  17  0:58  Probe (Chrono Boost)  
  18  1:05  Assimilator  
  18  1:09  Probe (Chrono Boost)  
  19  1:19  Probe (Chrono Boost)  
  19  1:25  Assimilator  
  20  1:30  Probe (Chrono Boost)  
  21  1:35  Cybernetics Core  
  21  1:40  Probe (Chrono Boost)  
  22  1:51  Pylon, Probe (Chrono Boost)  
  23  2:10  Probe (Chrono Boost)  
  23  2:12  Stalker x2  
  23  2:15  Warp Gate  
  28  2:20  Probe (Chrono Boost)  
  28  2:22  Pylon  
  29  2:31  Probe (Chrono Boost)  
  30  2:42  Mothership Core (Chrono Boost)  
  32  2:51  Stalker x2  
  36  3:10  Pylon  
  36  3:21  Stalker  
  38  3:28  Stalker  
  35  3:51  Stalker  
  37  3:58  Stalker  
  39  4:39  Stalker x2  
  33  5:09  Stalker x2  
  35  5:24  Gateway  
  35  5:28  Gateway  
  35  5:32  Nexus  
  35  5:33  Robotics Facility  
  35  5:41  Gateway  
  35  5:43  Gateway  
  35  5:54  Stalker  
  35  5:55  Stalker  
  39  6:14  Pylon  
  39  6:17  Pylon  
  39  6:21  Stalker x2  
  39  6:23  Immortal  
  47  6:41  Stalker x2  
  51  6:51  Stalker  
  51  6:52  Stalker x2  
  57  7:10  Zealot x3  
  63  7:27  Immortal  
  65  7:53  Probe (Chrono Boost)  
  66  8:03  Probe (Chrono Boost)  
  65  8:14  Probe (Chrono Boost)  
  65  8:18  Stalker x5  
  76  8:25  Assimilator  
  76  8:30  Assimilator  
  74  8:43  Immortal  
  78  8:52  Pylon  
  78  8:54  Pylon  
  74  9:23  Zealot x5  
  78  9:51  Robotics Bay  
  78  9:57  Probe (Chrono Boost)  
  79  10:07  Probe (Chrono Boost)  
  78  10:18  Probe (Chrono Boost)  
  66  10:28  Probe (Chrono Boost)  
  66  10:39  Probe (Chrono Boost)  
  66  10:41  Stalker x2  
  66  10:42  Stalker x4, Extended Thermal Lance  
  75  10:50  Colossus  
  81  11:02  Probe (Chrono Boost)  
  82  11:14  Probe (Chrono Boost)  
  83  11:25  Zealot x4  
  91  11:50  Pylon, Nexus  
  91  12:05  Pylon  
  91  12:07  Colossus  
  97  12:21  Sentry x2  
  101  12:29  Pylon  
  101  12:31  Pylon  
  101  12:46  Probe (Chrono Boost)  
  101  12:50  Probe (Chrono Boost)  
  103  12:58  Probe (Chrono Boost)  
  104  12:59  Observer  
  104  13:02  Probe (Chrono Boost)  
  106  13:10  Probe (Chrono Boost)  
  107  13:14  Forge, Probe (Chrono Boost)  
  107  13:18  Assimilator  
  108  13:20  Probe (Chrono Boost)  
  108  13:22  Probe (Chrono Boost)  
  108  13:25  Stalker x2  
  114  13:30  Probe (Chrono Boost)  
  106  13:34  Probe (Chrono Boost)  
  83  13:41  Probe (Chrono Boost)  
Tags
 
Add a new tag
Caveats
  • Supply blocks, unpowered buildings, or Contaminate may cause inaccurate times.
  • Supply counts are checked every 10 seconds.